General information
- name: BNet
- type: Ladder team game (AT/RT)
- host: Battle.net
- saver: AWebOfBetrayal
map: MarketSquare
- players: 8
- length: 60:34
- speed: Fast
- version: 1.26 W3XP
- replay type: Public
» download(328 KB)
Players
team 1 (winner)

»
K_C_C_O (
purple | 33 APM | 943 actions | 28:32)
7 Blademaster
3 Wind Walk
3 Critical Strike
1 Bladestorm
» actions
| Basic commands | 127 | |
| Build / train | 86 | |
| Enter build submenu | 45 | |
| Enter hero's abilities submenu | 7 | |
| Give item / drop item | 1 | |
| Right click | 276 | |
| Select / deselect | 336 | |
| Use ability | 65 | |
943 total
» units
| Peon | 18 | |
| Grunt | 8 | |
| Tauren | 11 | |
| Peasant | 9 | |
| Shaman | 7 | |
53 total
» upgrades
| Shaman Training | 2 | |
| Spiked Barricades | 1 | |
| Melee Weapons | 2 | |
| Pillage | 1 | |
| Armor | 1 | |
7 total
» buildings
| Altar of Storms | 1 | |
| Orc Burrow | 8 | |
| Barracks | 1 | |
| War Mill | 1 | |
| Voodoo Lounge | 1 | |
| Stronghold | 1 | |
| Watch Tower | 19 | |
| Spirit Lodge | 1 | |
| Great Hall | 2 | |
| Fortress | 1 | |
| Tauren Totem | 3 | |
| Town Hall | 1 | |
40 total
» build order
00:08 Altar of Storms
00:14 Orc Burrow
01:21 Barracks
01:48 War Mill
02:45 Orc Burrow
02:54 Voodoo Lounge
03:14 Stronghold
03:47 Orc Burrow
04:07 Watch Tower
06:03 Watch Tower
06:05 Watch Tower
06:09 Watch Tower
06:59 Spirit Lodge
07:11 Great Hall
07:15 Watch Tower
07:20 Watch Tower
09:38 Fortress
10:04 Orc Burrow
11:03 Watch Tower
11:10 Watch Tower
12:19 Tauren Totem
12:25 Tauren Totem
12:32 Orc Burrow
13:44 Orc Burrow
14:20 Watch Tower
14:59 Orc Burrow
16:01 Watch Tower
16:55 Great Hall
16:58 Watch Tower
17:06 Watch Tower
18:26 Watch Tower
19:22 Town Hall
19:50 Watch Tower
21:37 Watch Tower
21:54 Tauren Totem
22:51 Watch Tower
23:24 Orc Burrow
24:29 Watch Tower
26:06 Watch Tower
26:20 Watch Tower
» items
| Healing Salve | 2 | |
| Scroll of Speed | 3 | |
| Lesser Clarity Potion | 2 | |
| Potion of Healing | 2 | |
| Orb of Lightning | 1 | |
| Scroll of Regeneration | 2 | |
| Scroll of Town Portal | 3 | |
| Potion of Mana | 1 | |
16 total
AWebOfBetrayal (
pink | 103 APM | 6269 actions | 60:34)
7 Crypt Lord
3 Carrion Beetles
3 Spiked Carapace
1 Locust Swarm
5 Death Knight
3 Death Coil
2 Unholy Aura
» actions
| Assign group hotkey | 104 | |
| Basic commands | 172 | |
| Build / train | 271 | |
| ESC pressed | 26 | |
| Enter build submenu | 109 | |
| Enter hero's abilities submenu | 12 | |
| Give item / drop item | 3 | |
| Right click | 2427 | |
| Select / deselect | 960 | |
| Select group hotkey | 1641 | |
| Use ability | 543 | |
6269 total
» units
| Acolyte | 38 | |
| Ghoul | 21 | |
| Crypt Fiend | 12 | |
| Frost Wyrm | 1 | |
| Meatwagon | 5 | |
| Necromancer | 3 | |
| Abomination | 1 | |
| Obsidian Statue | 1 | |
| Gargoyle | 2 | |
84 total
» upgrades
| Creature Attack | 4 | |
| Creature Carapace | 3 | |
| Burrow | 1 | |
| Web | 1 | |
| Ghoul Frenzy | 1 | |
| Freezing Breath | 1 | |
| Necromancer Training | 3 | |
| Unholy Armor | 3 | |
| Exhume Corpses | 1 | |
| Unholy Strength | 3 | |
| Skeletal Longevity | 1 | |
| Disease Cloud | 1 | |
| Destroyer Form | 1 | |
| Cannibalize | 1 | |
| Stone Form | 1 | |
26 total
» buildings
| Crypt | 11 | |
| Graveyard | 6 | |
| Altar of Darkness | 4 | |
| Ziggurat | 27 | |
| Tomb of Relics | 2 | |
| Nerubian Tower | 18 | |
| Necropolis | 6 | |
| Halls of the Dead | 17 | |
| Spirit Tower | 50 | |
| Black Citadel | 18 | |
| Sacrificial Pit | 3 | |
| Boneyard | 3 | |
| Temple of the Damned | 2 | |
| Slaughterhouse | 8 | |
175 total
» build order
00:06 Crypt
00:09 Graveyard
00:11 Crypt
00:42 Altar of Darkness
00:58 Ziggurat
01:24 Tomb of Relics
02:02 Ziggurat
02:32 Nerubian Tower
02:32 Nerubian Tower
03:24 Ziggurat
05:04 Necropolis
06:17 Halls of the Dead
06:17 Halls of the Dead
06:17 Halls of the Dead
06:59 Ziggurat
07:17 Ziggurat
07:44 Ziggurat
07:47 Ziggurat
07:54 Nerubian Tower
08:11 Spirit Tower
08:11 Spirit Tower
08:34 Ziggurat
08:36 Spirit Tower
08:36 Spirit Tower
08:36 Spirit Tower
08:38 Ziggurat
08:39 Spirit Tower
08:39 Spirit Tower
08:43 Black Citadel
08:43 Black Citadel
08:44 Black Citadel
09:42 Spirit Tower
09:42 Spirit Tower
09:42 Spirit Tower
09:42 Spirit Tower
09:46 Sacrificial Pit
12:30 Boneyard
12:34 Boneyard
12:37 Boneyard
13:45 Ziggurat
13:47 Ziggurat
14:05 Temple of the Damned
14:12 Temple of the Damned
14:16 Slaughterhouse
14:32 Necropolis
14:48 Spirit Tower
14:49 Spirit Tower
14:49 Spirit Tower
14:49 Spirit Tower
20:57 Spirit Tower
20:57 Spirit Tower
20:57 Spirit Tower
20:57 Spirit Tower
20:59 Halls of the Dead
21:00 Halls of the Dead
21:30 Altar of Darkness
21:40 Slaughterhouse
21:43 Slaughterhouse
21:45 Slaughterhouse
21:46 Slaughterhouse
21:51 Sacrificial Pit
21:57 Tomb of Relics
22:04 Ziggurat
22:07 Ziggurat
22:08 Ziggurat
23:04 Graveyard
23:38 Black Citadel
23:38 Black Citadel
23:38 Black Citadel
24:58 Spirit Tower
27:05 Crypt
27:07 Crypt
30:40 Necropolis
32:35 Necropolis
32:51 Crypt
32:55 Crypt
32:58 Graveyard
33:03 Crypt
33:07 Ziggurat
34:02 Nerubian Tower
34:02 Nerubian Tower
34:03 Nerubian Tower
34:26 Necropolis
34:50 Ziggurat
36:04 Nerubian Tower
36:05 Nerubian Tower
37:34 Ziggurat
37:35 Ziggurat
37:39 Ziggurat
37:54 Graveyard
38:20 Altar of Darkness
38:22 Altar of Darkness
38:27 Nerubian Tower
38:28 Nerubian Tower
38:28 Spirit Tower
38:28 Spirit Tower
38:28 Spirit Tower
38:30 Spirit Tower
38:31 Spirit Tower
38:31 Spirit Tower
38:56 Ziggurat
40:27 Graveyard
41:24 Graveyard
42:58 Ziggurat
43:10 Ziggurat
43:13 Ziggurat
43:35 Ziggurat
44:08 Halls of the Dead
44:08 Halls of the Dead
44:08 Halls of the Dead
44:10 Nerubian Tower
44:28 Spirit Tower
44:29 Spirit Tower
44:29 Spirit Tower
44:35 Spirit Tower
47:07 Necropolis
47:20 Black Citadel
47:20 Black Citadel
47:20 Black Citadel
47:26 Slaughterhouse
47:27 Slaughterhouse
47:30 Slaughterhouse
47:34 Sacrificial Pit
50:09 Ziggurat
50:11 Ziggurat
50:16 Crypt
50:18 Crypt
50:20 Crypt
50:21 Crypt
50:23 Ziggurat
51:07 Nerubian Tower
51:07 Nerubian Tower
51:07 Spirit Tower
51:08 Spirit Tower
51:08 Spirit Tower
51:21 Spirit Tower
53:52 Halls of the Dead
53:52 Halls of the Dead
53:53 Halls of the Dead
53:54 Halls of the Dead
53:55 Spirit Tower
59:03 Black Citadel
59:03 Black Citadel
59:04 Black Citadel
59:04 Black Citadel
» items
| Rod of Necromancy | 2 | |
| Boots of Speed | 1 | |
| Scroll of Town Portal | 5 | |
| Orb of Corruption | 1 | |
| Scroll of Healing | 1 | |
| Scroll of Protection | 2 | |
| Periapt of Vitality | 2 | |
| Potion of Lesser Invulnerability | 2 | |
| Staff of Teleportation | 1 | |
| Potion of Healing | 2 | |
19 total
ogimaa (
orange | 46 APM | 565 actions | 12:18)
2 Blood Mage
1 Flame Strike
1 Siphon Mana
» actions
| Assign group hotkey | 31 | |
| Basic commands | 8 | |
| Build / train | 50 | |
| Enter build submenu | 18 | |
| Enter hero's abilities submenu | 2 | |
| Remove unit from queue | 3 | |
| Right click | 306 | |
| Select / deselect | 111 | |
| Select group hotkey | 7 | |
| Use ability | 29 | |
565 total
» units
| Peasant | 10 | |
| Footman | 8 | |
| Rifleman | 12 | |
| Mortar Team | 5 | |
35 total
» upgrades
| Defend | 1 | |
| Gunpowder | 1 | |
| Long Rifles | 1 | |
| Armor | 1 | |
4 total
» buildings
| Farm | 10 | |
| Altar of Kings | 1 | |
| Barracks | 1 | |
| Scout Tower | 2 | |
| Arcane Tower | 3 | |
| Blacksmith | 1 | |
| Keep | 1 | |
| Castle | 0 | |
| Workshop | 1 | |
| Cannon Tower | 1 | |
21 total
» build order
00:08 Farm
00:17 Altar of Kings
00:29 Barracks
01:13 Farm
01:41 Farm
02:05 Scout Tower
03:02 Arcane Tower
03:11 Farm
03:30 Farm
03:40 Blacksmith
04:10 Keep
05:16 Farm
06:55 Castle
07:04 Workshop
07:15 Scout Tower
07:19 Farm
09:52 Farm
09:52 Farm
09:55 Farm
11:19 Arcane Tower
11:20 Arcane Tower
11:20 Arcane Tower
11:42 Cannon Tower
fuccking_mexico (
teal | 44 APM | 1261 actions | 28:47)
2 Archmage
1 Summon Water Elemental
1 Blizzard
» actions
| Assign group hotkey | 13 | |
| Basic commands | 67 | |
| Build / train | 79 | |
| ESC pressed | 2 | |
| Enter build submenu | 22 | |
| Enter hero's abilities submenu | 2 | |
| Right click | 737 | |
| Select / deselect | 286 | |
| Select group hotkey | 9 | |
| Use ability | 44 | |
1261 total
» units
| Peasant | 42 | |
| Footman | 2 | |
| Mortar Team | 4 | |
| Siege Engine | 12 | |
| Flying Machine | 1 | |
61 total
» upgrades
| Gunpowder | 3 | |
| Lumber Harvesting | 2 | |
| Fragmentation Shards | 1 | |
| Armor | 1 | |
| Barrage | 1 | |
| Plating | 3 | |
11 total
» buildings
| Barracks | 1 | |
| Altar of Kings | 2 | |
| Farm | 10 | |
| Scout Tower | 5 | |
| Lumber Mill | 1 | |
| Arcane Tower | 1 | |
| Town Hall | 2 | |
| Keep | 1 | |
| Blacksmith | 2 | |
| Arcane Vault | 1 | |
| Castle | 1 | |
| Workshop | 3 | |
30 total
» build order
00:14 Barracks
00:22 Altar of Kings
00:37 Farm
00:52 Farm
01:46 Farm
02:12 Scout Tower
02:21 Lumber Mill
02:39 Arcane Tower
04:00 Town Hall
04:26 Keep
04:44 Blacksmith
05:22 Arcane Vault
05:49 Blacksmith
06:54 Castle
06:59 Workshop
07:03 Workshop
07:09 Workshop
09:23 Farm
09:26 Farm
09:35 Farm
09:37 Farm
09:38 Farm
09:39 Farm
09:40 Farm
11:45 Scout Tower
11:48 Scout Tower
11:49 Scout Tower
11:50 Scout Tower
16:19 Town Hall
16:57 Altar of Kings
team 2 (loser)
Owlish (
green | 59 APM | 3544 actions | 60:30)
7 Blademaster
3 Wind Walk
3 Critical Strike
1 Bladestorm
» actions
| Assign group hotkey | 40 | |
| Basic commands | 575 | |
| Build / train | 66 | |
| Enter build submenu | 65 | |
| Enter hero's abilities submenu | 7 | |
| Give item / drop item | 7 | |
| Right click | 961 | |
| Select / deselect | 399 | |
| Select group hotkey | 848 | |
| Use ability | 576 | |
3544 total
» units
| Peon | 20 | |
| Grunt | 4 | |
| Troll Witch Doctor | 1 | |
| Wind Rider | 7 | |
32 total
» upgrades
| Pillage | 1 | |
| Ranged Weapons | 3 | |
| Armor | 3 | |
| Reinforced Defenses | 1 | |
| Envenomed Spears | 1 | |
| Liquid Fire | 1 | |
| Spiked Barricades | 3 | |
| Troll Regeneration | 1 | |
| Burning Oil | 1 | |
15 total
» buildings
| Orc Burrow | 9 | |
| Altar of Storms | 1 | |
| Barracks | 1 | |
| Voodoo Lounge | 2 | |
| Stronghold | 1 | |
| War Mill | 1 | |
| Great Hall | 4 | |
| Watch Tower | 48 | |
| Fortress | 1 | |
| Spirit Lodge | 1 | |
| Beastiary | 6 | |
75 total
» build order
00:12 Orc Burrow
01:11 Altar of Storms
01:12 Barracks
01:20 Orc Burrow
01:50 Voodoo Lounge
02:55 Stronghold
03:59 War Mill
04:28 Orc Burrow
04:54 Great Hall
05:13 Watch Tower
05:14 Watch Tower
05:19 Watch Tower
07:16 Great Hall
07:20 Watch Tower
07:20 Watch Tower
07:21 Watch Tower
07:21 Watch Tower
07:21 Watch Tower
08:38 Fortress
09:25 Watch Tower
09:25 Watch Tower
09:25 Watch Tower
09:26 Watch Tower
10:28 Voodoo Lounge
10:30 Spirit Lodge
11:49 Beastiary
11:50 Beastiary
11:51 Beastiary
11:55 Beastiary
16:36 Great Hall
16:53 Watch Tower
16:53 Watch Tower
16:54 Watch Tower
16:54 Watch Tower
16:56 Watch Tower
16:56 Watch Tower
16:56 Watch Tower
16:57 Watch Tower
18:01 Watch Tower
18:01 Watch Tower
18:02 Watch Tower
18:06 Watch Tower
20:42 Watch Tower
20:43 Watch Tower
20:44 Watch Tower
20:46 Watch Tower
20:47 Watch Tower
20:48 Watch Tower
20:49 Watch Tower
20:51 Watch Tower
20:52 Watch Tower
24:12 Beastiary
24:13 Beastiary
25:07 Great Hall
25:12 Watch Tower
25:12 Watch Tower
25:13 Watch Tower
25:13 Watch Tower
25:17 Watch Tower
25:45 Orc Burrow
25:46 Orc Burrow
25:47 Orc Burrow
25:48 Orc Burrow
25:49 Orc Burrow
25:49 Orc Burrow
38:59 Watch Tower
38:59 Watch Tower
39:00 Watch Tower
39:00 Watch Tower
39:01 Watch Tower
39:06 Watch Tower
39:06 Watch Tower
39:06 Watch Tower
39:07 Watch Tower
39:08 Watch Tower
» items
| Healing Salve | 1 | |
| Boots of Speed | 1 | |
| Periapt of Vitality | 2 | |
| Staff of Teleportation | 2 | |
| Scroll of Town Portal | 3 | |
9 total

»
Bravekd (
yellow | 42 APM | 2552 actions | 60:30)
8 Death Knight
2 Death Pact
3 Unholy Aura
2 Death Coil
1 Animate Dead
7 Dark Ranger
3 Black Arrow
3 Silence
1 Charm
» actions
| Assign group hotkey | 25 | |
| Basic commands | 370 | |
| Build / train | 78 | |
| ESC pressed | 11 | |
| Enter build submenu | 40 | |
| Enter hero's abilities submenu | 16 | |
| Give item / drop item | 2 | |
| Remove unit from queue | 1 | |
| Right click | 552 | |
| Select / deselect | 564 | |
| Select group hotkey | 812 | |
| Use ability | 80 | |
2552 total
» units
| Acolyte | 8 | |
| Ghoul | 4 | |
| Crypt Fiend | 21 | |
| Obsidian Statue | 1 | |
| Peasant | 3 | |
| Peon | 4 | |
41 total
» upgrades
| Creature Attack | 3 | |
| Creature Carapace | 1 | |
| Web | 1 | |
5 total
» buildings
| Crypt | 1 | |
| Altar of Darkness | 1 | |
| Ziggurat | 7 | |
| Graveyard | 1 | |
| Nerubian Tower | 1 | |
| Tomb of Relics | 1 | |
| Spirit Tower | 2 | |
| Halls of the Dead | 1 | |
| Black Citadel | 1 | |
| Sacrificial Pit | 2 | |
| Boneyard | 1 | |
| Slaughterhouse | 2 | |
| Town Hall | 1 | |
| Altar of Kings | 1 | |
| War Mill | 2 | |
| Watch Tower | 2 | |
| Great Hall | 2 | |
| Keep | 1 | |
| Castle | 1 | |
| Barracks | 2 | |
33 total
» build order
00:54 Crypt
00:56 Altar of Darkness
01:02 Ziggurat
01:16 Graveyard
01:48 Ziggurat
01:59 Nerubian Tower
02:36 Tomb of Relics
02:52 Ziggurat
04:04 Spirit Tower
05:19 Ziggurat
06:13 Spirit Tower
06:33 Halls of the Dead
08:51 Ziggurat
09:50 Black Citadel
11:33 Sacrificial Pit
11:54 Sacrificial Pit
13:33 Boneyard
17:34 Ziggurat
23:02 Ziggurat
23:09 Slaughterhouse
23:13 Slaughterhouse
25:40 Town Hall
29:01 Altar of Kings
29:19 War Mill
29:58 War Mill
31:29 Watch Tower
31:31 Watch Tower
32:42 Great Hall
32:50 Keep
35:13 Castle
41:44 Great Hall
42:28 Barracks
42:31 Barracks
» items
| Rod of Necromancy | 1 | |
| Scroll of Town Portal | 5 | |
| Orb of Corruption | 1 | |
7 total
keyboardkitten (
blue | 42 APM | 2116 actions | 50:55)
10 Priestess of the Moon
3 Scout
3 Trueshot Aura
1 Starfall
3 Searing Arrows
» actions
| Assign group hotkey | 34 | |
| Basic commands | 29 | |
| Build / train | 99 | |
| Enter build submenu | 17 | |
| Enter hero's abilities submenu | 11 | |
| Remove unit from queue | 1 | |
| Right click | 798 | |
| Select / deselect | 405 | |
| Select group hotkey | 659 | |
| Use ability | 63 | |
2116 total
» units
» upgrades
| Strength of the Moon | 3 | |
| Improved Bows | 1 | |
| Ultravision | 1 | |
| Marksmanship | 1 | |
| Moon Armor | 3 | |
| Well Spring | 1 | |
| Nature's Blessing | 1 | |
11 total
» buildings
| Altar of Elders | 1 | |
| Moon Well | 6 | |
| Ancient of War | 2 | |
| Tree of Ages | 1 | |
| Hunter's Hall | 1 | |
| Tree of Eternity | 1 | |
| Tree of Life | 1 | |
| Ancient Protector | 5 | |
18 total
» build order
00:08 Altar of Elders
00:23 Moon Well
01:04 Ancient of War
01:37 Moon Well
01:52 Ancient of War
02:37 Moon Well
04:58 Tree of Ages
06:01 Hunter's Hall
07:07 Moon Well
07:23 Tree of Eternity
08:06 Moon Well
09:44 Moon Well
16:57 Tree of Life
22:53 Ancient Protector
22:55 Ancient Protector
23:00 Ancient Protector
23:37 Ancient Protector
23:42 Ancient Protector
» items
| Potion of Lesser Invulnerability | 1 | |
| Scroll of Healing | 1 | |
| Scroll of Town Portal | 2 | |
4 total

»
Mina_TheOne (
red | 51 APM | 2056 actions | 40:42)
6 Mountain King
3 Storm Bolt
1 Bash
1 Thunder Clap
1 Avatar
4 Paladin
2 Devotion Aura
1 Divine Shield
1 Holy Light
» actions
| Assign group hotkey | 14 | |
| Basic commands | 211 | |
| Build / train | 147 | |
| Enter build submenu | 48 | |
| Enter hero's abilities submenu | 10 | |
| Give item / drop item | 2 | |
| Remove unit from queue | 3 | |
| Right click | 546 | |
| Select / deselect | 878 | |
| Select group hotkey | 25 | |
| Use ability | 172 | |
2056 total
» units
| Peasant | 17 | |
| Footman | 14 | |
| Rifleman | -1 | |
| Priest | 8 | |
| Siege Engine | 8 | |
| Spell Breaker | 2 | |
| Knight | 4 | |
| Dragonhawk Rider | 5 | |
| Sorceress | 1 | |
| Gryphon Rider | 4 | |
| Forest Troll High Priest | 1 | |
| Mortar Team | 1 | |
64 total
» upgrades
| Defend | 1 | |
| Masonry | 3 | |
| Swords | 3 | |
| Plating | 3 | |
| Gunpowder | 3 | |
| Armor | 3 | |
| Lumber Harvesting | 2 | |
| Priest Training | 2 | |
| Barrage | 1 | |
| Magic Sentry | 1 | |
| Control Magic | 1 | |
| Animal War Training | 1 | |
| Cloud | 1 | |
| Storm Hammers | 1 | |
| Fragmentation Shards | 1 | |
27 total
» buildings
| Farm | 10 | |
| Altar of Kings | 1 | |
| Scout Tower | 7 | |
| Barracks | 2 | |
| Arcane Tower | 3 | |
| Lumber Mill | 1 | |
| Guard Tower | 8 | |
| Blacksmith | 1 | |
| Keep | 5 | |
| Arcane Vault | 1 | |
| Castle | 1 | |
| Arcane Sanctum | 1 | |
| Town Hall | 4 | |
| Workshop | 1 | |
| Cannon Tower | 2 | |
| Gryphon Aviary | 2 | |
50 total
» build order
00:36 Farm
00:41 Altar of Kings
00:50 Scout Tower
01:04 Barracks
01:43 Farm
02:07 Arcane Tower
02:53 Barracks
03:13 Farm
03:40 Lumber Mill
04:09 Scout Tower
04:31 Farm
04:43 Guard Tower
05:07 Blacksmith
06:43 Farm
07:02 Keep
07:02 Keep
07:21 Farm
09:13 Scout Tower
09:18 Arcane Vault
09:34 Castle
09:43 Scout Tower
09:46 Guard Tower
09:51 Farm
10:12 Arcane Sanctum
10:15 Arcane Tower
10:33 Scout Tower
11:10 Farm
11:12 Guard Tower
12:49 Town Hall
13:24 Workshop
18:04 Scout Tower
18:36 Cannon Tower
19:29 Guard Tower
22:15 Town Hall
22:33 Scout Tower
23:01 Guard Tower
26:01 Gryphon Aviary
27:09 Guard Tower
27:09 Guard Tower
27:27 Guard Tower
27:47 Gryphon Aviary
28:53 Town Hall
29:27 Farm
29:39 Arcane Tower
30:20 Farm
33:12 Town Hall
38:18 Keep
38:25 Keep
» items
| Scroll of Regeneration | 1 | |
| Scroll of Town Portal | 2 | |
| Orb of Fire | 2 | |
| Ivory Tower | 6 | |
| Staff of Teleportation | 1 | |
| Boots of Speed | 1 | |
| Scroll of Protection | 1 | |
| Circlet of Nobility | 1 | |
15 total
Chat log
(00:40 / All) fuccking_mexico: VIVA MEXICO
(01:03 / All) ogimaa: pork chops and pussy
(01:58 / All) Owlish: Ron Mexico
(02:00 / All) fuccking_mexico: MEXICO FTW!
(02:31 / All) Owlish: Ron Mexico aka Michael "Dog Fightin'" Vick
(02:41 / All) AWebOfBetrayal: level 1 blood mage harass
(02:42 / All) AWebOfBetrayal: lmfao
(02:48 / All) AWebOfBetrayal: Orange do you perch?
(02:52 / All) AWebOfBetrayal: You're doing it wrong
(06:10 / All) Owlish: mh
(07:53 / Allies) fuccking_mexico: tp?
(08:42 / All) Owlish: whoops
(10:28 / Allies) ogimaa: retard
(10:36 / Allies) AWebOfBetrayal: You harassed at level 1
(10:45 / Allies) AWebOfBetrayal: Don't judge anyone
(12:22 / All) keyboardkitten: gg
(12:25 / All) AWebOfBetrayal: Not over yet
(14:23 / Allies) AWebOfBetrayal: go to blue instead
(14:39 / Allies) fuccking_mexico: they have shades
(16:35 / Allies) fuccking_mexico: lol
(20:34 / All) keyboardkitten: delicious
(20:36 / All) keyboardkitten: gg
(20:49 / All) AWebOfBetrayal: Not over yet
(21:03 / All) keyboardkitten: lmfao tp orc into sf?
(21:10 / All) keyboardkitten: lmfao clown
(21:12 / All) keyboardkitten: now its over
(21:27 / All) keyboardkitten: rock on
(21:32 / Allies) AWebOfBetrayal: tp
(22:19 / All) AWebOfBetrayal: Blue, you will really regret that shit talking
(22:22 / All) keyboardkitten: bue
(22:48 / All) AWebOfBetrayal: this is why I never play ud
(24:51 / All) keyboardkitten: gg
(24:54 / All) AWebOfBetrayal: Not over yet
(25:00 / All) Owlish: oops
(25:19 / All) keyboardkitten: lmfao purple
(25:30 / All) keyboardkitten: funny
(25:32 / All) fuccking_mexico: GG
(25:38 / All) AWebOfBetrayal: It's not over yet, teal
(25:49 / All) Bravekd: it should be lol
(25:53 / All) AWebOfBetrayal: should
(27:51 / All) fuccking_mexico: ILL CUT MY DICK OFF IF MY TEAM WINS
(28:11 / All) keyboardkitten: lmfao purple
(28:26 / All) fuccking_mexico: PURPLE IS CLUELESS
(30:12 / All) keyboardkitten: leave
(31:38 / All) AWebOfBetrayal: ud is such a shitty race, you only get a handful of good units and have to do the same things every game
(31:42 / All) AWebOfBetrayal: not imbalanced but so boring
(33:35 / All) AWebOfBetrayal: Why aren't you laughing anymore blue?
(33:38 / All) AWebOfBetrayal: Are you losing?
(33:41 / All) AWebOfBetrayal: What's wrong buddy?
(34:57 / All) AWebOfBetrayal: Why aren't you laughing buddy?
(35:03 / All) AWebOfBetrayal: Where's the LMFAOs now?
(35:05 / All) AWebOfBetrayal: What is wrong?
(35:08 / All) AWebOfBetrayal: What is happening blue?
(35:12 / All) AWebOfBetrayal: Is something happening to your units?
(35:13 / All) keyboardkitten: yo'u[re a terrible player
(35:18 / All) AWebOfBetrayal: I'm winning
(35:20 / All) keyboardkitten: the fact that this idiot is wasting my time
(35:23 / All) AWebOfBetrayal: I am the victorious player
(35:24 / All) keyboardkitten: is irrelevant to you sucking
(35:37 / All) AWebOfBetrayal: I don't even play ud
(35:42 / All) AWebOfBetrayal: Want me to 1v1 you as hu or orc?
(35:53 / All) keyboardkitten: kitty corner room
(37:02 / All) AWebOfBetrayal: What is wrong blue? Why aren't you shit talking now?
(37:07 / All) AWebOfBetrayal: Do you only shit talk when winning?
(37:22 / All) AWebOfBetrayal: What's wrong? Are you devoting all of your APM to defending yourself from 1 player?
(37:27 / All) AWebOfBetrayal: Come on, man! You are being killed by 1 player!
(37:31 / All) AWebOfBetrayal: What's wrong? You can't 1v3?
(37:39 / All) Bravekd: ya right pink
(37:59 / All) Bravekd: your lucky g is jealous he got paired with great teamates
(38:16 / All) AWebOfBetrayal: He got paired with terrible 50 APM ladder trash that he is now cleaning out
(41:07 / All) AWebOfBetrayal: This was an embarassing game
(41:17 / All) AWebOfBetrayal: I shouldn't go Ud
(41:50 / All) Owlish: IS your body ready blue?
(45:14 / All) Owlish: You're a brave kid yellow, but unfortunately even the bravest can die
(46:23 / All) Owlish: thanks I'll put that too good use
(49:26 / All) AWebOfBetrayal: oh I have web on autocast oops
(50:55 / All) Owlish: Heh
(51:28 / All) Owlish: I'm surprised blue's record is so bad
(51:33 / All) AWebOfBetrayal: Why?
(51:35 / All) Owlish: you'd think mass archer would win more than 50%
(51:48 / All) Owlish: it doesn't require skill
(51:56 / All) Owlish: after a certain point
(51:58 / All) AWebOfBetrayal: No one knows how to counter it in 4v4 either
(52:15 / All) AWebOfBetrayal: I should have respecced impale and gotten more aboms but I'm a lazy fuck, undead is boring as hell
(52:22 / All) Owlish: if they focus with all control groups well it's hard to counter
(52:32 / All) AWebOfBetrayal: you can get frost nova, impale, etc as undead
(52:43 / All) AWebOfBetrayal: as hu you get mortar/knight armies for example
(52:49 / All) AWebOfBetrayal: it's not too difficult but it's annoying to counter
(52:54 / All) Owlish: at a certain point it is hard to sustain just archer tho
(52:55 / All) AWebOfBetrayal: If you don't have the tech ready
(52:59 / All) Owlish: high level heroes and such
(54:01 / All) Owlish: I didn't think I was gonna pull it off when they were assaulting your expo
(54:12 / All) Owlish: Red didn't realize what was up until I started attacking him lol
(54:26 / All) AWebOfBetrayal: I played awful this game
(54:28 / All) AWebOfBetrayal: it's mostly on me
(54:55 / All) Owlish: it would have been a lot closer
(54:59 / All) Owlish: if red wasn't dumb
(55:05 / All) Owlish: but I could just keep rebuilding
(55:06 / All) AWebOfBetrayal: We played him before
(55:08 / All) AWebOfBetrayal: he sucks
(55:17 / All) Owlish: blue and red and you should ahve just tried to kill pink as fast as possible
(55:18 / All) Bravekd: so did all your team pink
(55:20 / All) Owlish: red went creeping
(56:03 / All) AWebOfBetrayal: I was the only good player on my team but I'm not a good ud player
(57:40 / All) Owlish: Go bravely to that good sleep, son
(58:08 / All) AWebOfBetrayal: love how I got 1 garg at the end for no reason
(58:37 / All) Owlish: Any last words, bud?
(59:56 / All) AWebOfBetrayal: No freebies